 Dungeon Crawl Stone Soup version 0.14-a0-2644-gcc8e764 (webtiles) character file.

6622 HollowCharge the Conjurer (level 10, -9/77 HPs)
             Began as a Green Draconian Wizard on Feb 16, 2014.
             Was a Follower of Vehumet.
             Killed from afar by Erolcha (20 damage)
             ... with a wand of cold
             ... on Level 10 of the Dungeon.
             The game lasted 01:25:09 (12593 turns).

HollowCharge the Conjurer (Green Draconian Wizard) Turns: 12593, Time: 01:25:09

HP  -9/77        AC  9     Str 10      XL: 10   Next: 60%
MP  29/33        EV 13     Int 22      God: Vehumet [*.....]
Gold 463         SH  5     Dex  9      Spells:  8 memorised,  3 levels left

rFire  . . .     SeeInvis .     t - staff of wizardry
rCold  . . .     Clarity  .     (armour unavailable)
rNeg   . . .     Conserve .     l - +0 buckler
rPois  +         rCorr    .     b - +1 hat
rElec  .         rRot     .     (no cloak)
SustAb . .       Spirit   .     (no gloves)
rMut   .         Warding  .     y - +0 pair of boots
Saprov . . .     Stasis   .     (no amulet)
MR     .....                    i - cursed ring of magical power
                                u - ring of wizardry

@: repel missiles, about to teleport, very slightly contaminated, not resistant
to hostile enchantments, unstealthy
A: breathe noxious fumes, unfitting armour, poison resistance, AC +7
a: Breathe Noxious Fumes, Renounce Religion


You were on level 10 of the Dungeon.
You worshipped Vehumet.
Vehumet was aware of your devotion.
You were very hungry.

You visited 1 branch of the dungeon, and saw 10 of its levels.

You collected 471 gold pieces.
You spent 8 gold pieces at shops.

Inventory:

Hand weapons
 m - a +2,+0 elven dagger
 x - a +1,+0 spear of piercing
Armour
 b - a +1 hat (worn)
 l - a +0 buckler (worn)
 y - a +0 pair of boots (worn)
Magical devices
 p - a wand of heal wounds (3)
 r - a wand of lightning (2)
Comestibles
 d - 3 bread rations
 s - 14 strawberries
 C - a pear
Scrolls
 g - a scroll of amnesia
 z - 2 scrolls of immolation
 B - 2 scrolls of magic mapping
Jewellery
 i - a cursed ring of magical power (right hand)
 j - an uncursed ring of sustenance
 u - a ring of wizardry (left hand)
 G - a +6 ring of strength
Potions
 e - 5 potions of curing
 h - a potion of lignification
 k - a potion of degeneration {unknown}
 n - 2 potions of heal wounds
 q - a potion of flight {unknown}
 v - a potion of might
 w - 2 potions of paralysis {unknown}
 E - a potion of invisibility {unknown}
 F - 3 potions of speed
Books
 c - a book of Minor Magic

   Spells                             Type                      Level
   *Magic Dart                        Conjuration                  1
   *Blink                             Translocation                2
   Call Imp                           Summoning                    2
   *Repel Missiles                    Charms/Air                   2
   *Slow                              Hexes                        2
   *Conjure Flame                     Conjuration/Fire             3
   *Mephitic Cloud                    Conjuration/Poison/Air       3
 f - a book of Frost

   Spells                             Type                      Level
   Freeze                             Ice                          1
   Throw Frost                        Conjuration/Ice              2
   Ozocubu's Armour                   Charms/Ice                   3
   *Throw Icicle                      Conjuration/Ice              4
   Summon Ice Beast                   Ice/Summoning                4
   Condensation Shield                Ice                          4
 o - a book of Necromancy

   Spells                             Type                      Level
   Pain                               Necromancy                   1
   Animate Skeleton                   Necromancy                   1
   Lethal Infusion                    Charms/Necromancy            2
   Vampiric Draining                  Necromancy                   3
   Regeneration                       Charms/Necromancy            3
   Animate Dead                       Necromancy                   4
   Control Undead                     Necromancy                   4
 A - a book of Hinderance

   Spells                             Type                      Level
   Confusing Touch                    Hexes                        1
   *Slow                              Hexes                        2
   Confuse                            Hexes                        3
   Petrify                            Transmutation/Earth          4
   Leda's Liquefaction                Hexes/Earth                  4
   Metabolic Englaciation             Hexes/Ice                    5
Magical staves
 t - an uncursed staff of wizardry (weapon)


   Skills:
 * Level 3.5 Fighting
 - Level 7.0 Dodging
 - Level 1.7 Stealth
 + Level 6.4 Spellcasting
 - Level 10.1 Conjurations
   Level 1.0 Summonings
 - Level 1.0 Translocations
 + Level 1.5 Ice Magic
 + Level 6.9 Air Magic


You had 3 spell levels left.
You knew the following spells:

 Your Spells              Type           Power        Failure   Level  Hunger
a - Magic Dart            Conj           ####         1%          1    None
b - Slow                  Hex            #.......     4%          2    None
c - Blink                 Tloc           N/A          3%          2    None
d - Conjure Flame         Conj/Fire      ####....     1%          3    #......
e - Mephitic Cloud        Conj/Pois/Air  ####....     1%          3    #......
f - Repel Missiles        Chrm/Air       ###...       1%          2    None
g - Shock                 Conj/Air       ####         1%          1    None
h - Throw Icicle          Conj/Ice       ####....     3%          4    ###....


Dungeon Overview and Level Annotations

Branches:
Dungeon (10/16)            Temple (0/1) D:7
    Orc: D:9-12        Lair: D:8-11

Altars:
Cheibriados
Dithmenos
Elyvilon
Kikubaaqudgha
Makhleb
Nemelex Xobeh
Vehumet
Xom
Yredelemnul
The Shining One

Shops:
D:6 %

Annotations:
D:3 Grinder
D:10 Erolcha, Nergalle


Innate Abilities, Weirdness & Mutations

You can breathe blasts of noxious fumes.
Your lurid green scales are hard (AC +7).
Your body does not fit into most forms of armour.
Your cold-blooded metabolism reacts poorly to cold.
Your system is resistant to poisons.


Message History

One of your 2 potions of might freezes and shatters!
* * * LOW HITPOINT WARNING * * *
Something hits you.
* * * LOW HITPOINT WARNING * * *
Something completely misses you. Erolcha closely misses you.
Something barely misses you.
Erolcha mumbles some strange words.
Erolcha blinks!
The spectral orc warrior barely misses you.
You feel much better. Something hits you but does no damage.
The spectral orc warrior hits you from afar with a runed orcish glaive!
As you read the scroll of teleportation, it crumbles to dust.
You feel strangely unstable.
Erolcha hits you with a giant spiked club!
* * * LOW HITPOINT WARNING * * *
The spectral orc warrior hits you but does no damage.
Something hits you but does no damage. The spectral orc closely misses you.
You are feeling very hungry.
You block its attack.
Erolcha zaps a wand.
The bolt of cold hits you!
You die...

#### ##... ...#
#..# #..#
#..########
#O@.......>
#u.........
#W.####### #.W#
#WW# #WW# #.F#
#.Y# ####
####W.######..+


You could see Erolcha, a green ugly thing, 5 spectral orcs, 2 spectral orc
warriors, a yak and a giant frog.

Vanquished Creatures
  3 wandering mushrooms (D:9)
  A troll (D:9)
  A wyvern (D:9)
  4 yaks (D:9)
  Edmund (D:7)
  A hippogriff (D:9)
  A mottled dragon (D:7)
  An orc warrior (D:7)
  5 sky beasts
  3 black bears
  5 centaurs
  3 phantoms
  2 ice beasts
  2 ogres
  A giant slug (D:9)
  2 wyvern zombies (D:6)
  5 giant frogs
  A hippogriff zombie (D:9)
  17 wights
  A quasit (D:5)
  5 crimson imps
  3 hounds
  2 orc priests (D:7)
  4 scorpions
  A centaur skeleton (D:5)
  2 iguanas
  3 jellies
  6 worker ants
  4 orc wizards
  Jessica (D:3)
  A hound skeleton (D:5)
  8 adders
  A big fish zombie (D:7)
  3 gnolls (D:3)
  2 giant mites
  An inept feature mimic (D:6)
  4 worms
  An adder skeleton (D:8)
  A scorpion zombie (D:9)
  3 giant eyeballs
  5 giant geckos
  23 orcs
  18 bats
  A bat skeleton (D:7)
  A bat zombie (D:7)
  4 giant cockroaches
  10 goblins
  13 hobgoblins
  7 jackals
  6 quokkas
  4 giant newts
  A goblin skeleton (D:5)
  15 kobolds
  An orc zombie (D:8)
  10 rats
  A rat skeleton (D:4)
  A rat zombie (D:7)
237 creatures vanquished.

Vanquished Creatures (collateral kills)
  A kobold (D:1)
1 creature vanquished.

Grand Total: 238 creatures vanquished

Notes
Turn   | Place    | Note
--------------------------------------------------------------
     0 | D:1      | HollowCharge, the Draconian Wizard, began the quest for the Orb.
     0 | D:1      | Reached XP level 1. HP: 14/14 MP: 4/4
   285 | D:1      | Reached XP level 2. HP: 7/20 MP: 1/6
   302 | D:1      | HP: 1/20 [kobold/orcish short sword (2)]
  1117 | D:1      | Reached XP level 3. HP: 26/26 MP: 2/8
  1221 | D:1      | Learned a level 2 spell: Call Imp
  1224 | D:1      | Learned a level 2 spell: Blink
  1827 | D:2      | Found a sparkling altar of Nemelex Xobeh.
  2197 | D:2      | Found a basalt altar of Yredelemnul.
  2444 | D:3      | Noticed Grinder
  2447 | D:3      | Paralysed by Grinder for 5 turns
  2457 | D:3      | Paralysed by Grinder for 4 turns
  2546 | D:3      | Reached XP level 4. HP: 33/33 MP: 4/9
  3427 | D:3      | Reached XP level 5. HP: 34/38 MP: 6/12
  3544 | D:3      | Noticed Jessica
  3551 | D:3      | Killed Jessica
  3551 | D:3      | Reached skill level 4 in Spellcasting
  3588 | D:3      | Found a basalt altar of Yredelemnul.
  3814 | D:3      | Learned a level 3 spell: Conjure Flame
  3818 | D:3      | Learned a level 3 spell: Mephitic Cloud
  4185 | D:4      | Paralysed by a giant eyeball for 2 turns
  4192 | D:4      | Paralysed by a giant eyeball for 2 turns
  4234 | D:4      | Found a shadowy altar of Dithmenos.
  4408 | D:4      | Reached XP level 6. HP: 37/45 MP: 5/15
  4930 | D:4      | Learned a level 2 spell: Repel Missiles
  5018 | D:5      | Entered Level 5 of the Dungeon
  5470 | D:5      | Reached skill level 5 in Spellcasting
  5624 | D:5      | Your scales start taking on a lurid green colour.
  5624 | D:5      | Gained mutation: Your system is resistant to poisons. [draconian maturity]
  5624 | D:5      | Reached XP level 7. HP: 50/50 MP: 13/18
  6057 | D:5      | Reached skill level 5 in Conjurations
  6103 | D:5      | Found a shimmering altar of Xom.
  6265 | D:5      | Reached skill level 6 in Spellcasting
  6467 | D:6      | Found Naug's Food Shoppe.
  6484 | D:6      | Reached XP level 8. HP: 57/57 MP: 19/21
  6495 | D:6      | Reached skill level 1 in Air Magic
  6646 | D:6      | Bought an apple for 8 gold pieces
  6842 | D:6      | Found a staircase to the Ecumenical Temple.
  6846 | D:6      | the staircase to the Ecumenical Temple was a mimic.
  7323 | D:6      | Reached skill level 5 in Dodging
  7323 | D:6      | Reached skill level 7 in Conjurations
  7489 | D:7      | Found a white marble altar of Elyvilon.
  7930 | D:7      | Noticed Edmund
  8123 | D:8      | Reached XP level 9. HP: 62/62 MP: 22/22
  8163 | D:8      | Found a burning altar of Makhleb.
  8199 | D:8      | Learned a level 2 spell: Slow
  8385 | D:8      | Found a glowing golden altar of the Shining One.
  8559 | D:8      | Reached skill level 8 in Conjurations
  9475 | D:7      | Paralysed by a giant eyeball for 4 turns
 10257 | D:7      | Found a radiant altar of Vehumet.
 10263 | D:7      | Became a worshipper of Vehumet
 10272 | D:7      | Reached skill level 9 in Conjurations
 10372 | D:7      | Reached skill level 5 in Air Magic
 10534 | D:7      | Found an ancient bone altar of Kikubaaqudgha.
 10580 | D:7      | Killed Edmund
 10822 | D:7      | Found a staircase to the Ecumenical Temple.
 10949 | D:7      | Acquired Vehumet's first power
 10949 | D:7      | Offered knowledge of Shock by Vehumet.
 10952 | D:7      | Learned a level 1 spell: Shock
 11300 | D:9      | Reached XP level 10. HP: 60/69 MP: 15/24
 11493 | D:9      | Found a snail-covered altar of Cheibriados.
 11772 | D:9      | Learned a level 4 spell: Throw Icicle
 11776 | D:9      | Reached skill level 10 in Conjurations
 11832 | D:9      | Reached skill level 1 in Fighting
 11850 | D:9      | Paralysed by a giant eyeball for 3 turns
 11874 | D:9      | Paralysed by a giant eyeball for 4 turns
 12133 | D:9      | Reached skill level 1 in Ice Magic
 12567 | D:10     | Entered Level 10 of the Dungeon
 12567 | D:10     | Noticed Nergalle
 12583 | D:10     | Noticed Erolcha
 12593 | D:10     | Killed from afar by Erolcha

Action                   |  1- 3 |  4- 6 |  7- 9 | 10-12 || total
-------------------------+-------+-------+-------+-------++-------
Melee: Unarmed           |    39 |       |       |       ||    39
       Dagger            |    61 |       |       |       ||    61
       Staff             |       |     7 |     4 |     5 ||    16
 Cast: Magic Dart        |    88 |   208 |   602 |    83 ||   981
       Call Imp          |     1 |       |       |       ||     1
       Mephitic Cloud    |       |     3 |    15 |     8 ||    26
       Conjure Flame     |       |     3 |    32 |    11 ||    46
       Blink             |       |     2 |     4 |     4 ||    10
       Repel Missiles    |       |       |     2 |       ||     2
       Shock             |       |       |    12 |    17 ||    29
       Slow              |       |       |     6 |       ||     6
       Throw Icicle      |       |       |       |    10 ||    10
 Abil: Breathe Noxious F |       |       |    23 |     3 ||    26
Evoke: Wand              |       |       |     3 |       ||     3
  Use: Scroll            |       |     5 |    17 |     4 ||    26
       Potion            |       |       |     1 |     1 ||     2
